 Dungeon Crawl Stone Soup version 0.28-a0-1002-gf00fe891ef (webtiles) character file.

Game seed: 3473829508177463333

116 Umoon the Ducker (level 4, -5/27 HPs)
             Began as a Vampire Gladiator on Dec 6, 2021.
             Slain by a gnoll (8 damage)
             ... on level 3 of the Dungeon.
             The game lasted 00:02:16 (1942 turns).

Umoon the Ducker (Vampire Gladiator)                Turns: 1942, Time: 00:02:17

Health: -5/27      AC:  4    Str: 21    XL:     4   Next: 69%
Magic:  4/4        EV: 13    Int: 10    God:
Gold:   158        SH:  0    Dex: 15    Spells: 3/3 levels left

rFire   . . .      SeeInvis +   a - +0 rapier
rCold   + + .      Faith    .   (no shield)
rNeg    + + +      Spirit   .   b - +0 leather armour
rPois   ∞          Reflect  .   c - +0 helmet
rElec   .          Harm     .   (no cloak)
rCorr   .          Rampage  .   (no gloves)
Will    .....                   (no boots)
Stlth   ++++......              (no amulet)
HPRegen 0.00/turn               e - +6 ring of strength
MPRegen 0.09/turn               (no ring)

@: bloodless, inhibited regen
A: bloodless, fangs 3, see invisible, vampiric 2
a: Bat Form, Revivify


You were on level 3 of the Dungeon.
You visited 1 branch of the dungeon, and saw 3 of its levels.

You collected 158 gold pieces.

Inventory:

Hand Weapons
 a - a +0 rapier (weapon)
Missiles
 d - 3 throwing nets (quivered)
Armour
 b - a +0 leather armour (worn)
 c - a +0 helmet (worn)
Jewellery
 e - a +6 ring of strength (left hand)
 g - a ring of wizardry
Scrolls
 h - 2 scrolls of enchant armour {unknown}
Potions
 f - 2 potions of curing {unknown}
 i - a potion of haste {unknown}
 j - a potion of flight {unknown}
 k - a potion of resistance {unknown}
 l - a potion of degeneration {unknown}


   Skills:
 + Level 2.3 Fighting
 + Level 3.8 Short Blades
 - Level 1.5 Throwing
 + Level 1.2 Armour
 + Level 3.9 Dodging
 * Level 3.9 Stealth


You had 3 spell levels left.
You didn't know any spells.
Your spell library contained the following spells:

 Spells                   Type           Power      Damage    Failure   Level
 Corpse Rot               Necr/Air       0%         N/A       54%         2
 Poisonous Vapours        Pois/Air       0%         N/A       54%         2


Dungeon Overview and Level Annotations

Branches:
Dungeon (3/15)

Altars:


Innate Abilities, Weirdness & Mutations

You do not regenerate when monsters are visible.
You are frail without blood (-20% HP).
You can heal yourself when you bite living creatures.
You are immune to poison.
You have razor-sharp teeth.
You have supernaturally acute eyesight. (SInv)
You are afflicted with vampirism and can become a bat while bloodless.


Message History

The gnoll misses you.
You barely miss the gnoll. The gnoll hits you but does no damage.
The gnoll hits you with a +0 flail.
You hit the gnoll.
The gnoll is moderately wounded.
The gnoll hits you with a +0 flail!
* * * LOW HITPOINT WARNING * * *
The gnoll misses you.
You are too injured to fight recklessly!
You are too injured to fight recklessly!
You are too injured to fight recklessly!
You are too injured to fight recklessly!
You are too injured to fight recklessly!
You are too injured to fight recklessly!
You are too injured to fight recklessly!
You are too injured to fight recklessly!
You are too injured to fight recklessly!
You are too injured to fight recklessly!
You are too injured to fight recklessly!
You are too injured to fight recklessly!
You are too injured to fight recklessly!
You are too injured to fight recklessly!
You are too injured to fight recklessly!
You are too injured to fight recklessly!
You are too injured to fight recklessly!
You are too injured to fight recklessly!
You are too injured to fight recklessly!
You are too injured to fight recklessly!
You are too injured to fight recklessly!
You are too injured to fight recklessly!
Unknown command.
You puncture the gnoll!
The gnoll is severely wounded.
The gnoll misses you. The gnoll closely misses you.
You puncture the gnoll!
You kill the gnoll!
The gnoll hits you with a +0 flail.
* * * LOW HITPOINT WARNING * * *
You barely miss the gnoll. The gnoll hits you with a +0 flail!
You die...

...# #..# .. #.
#..## .........
....
#.....#.######..#
........... ...#
.#.....#.#.####)g#
........#.#.#.##@.#
#.#.........#.##..#
.........†........#
..............###.#
..........##..###.#
#...............#
#................
#...............#
#.....#.##..###.#


You could see a gnoll.

Vanquished Creatures
  Jessica (D:2)
  2 gnolls (D:3)
  An adder (D:3)
  2 worms (D:2)
  A dart slug (D:1)
  5 bats
  4 endoplasms
  5 giant cockroaches
  2 goblins (D:2)
  8 hobgoblins
  2 jackals (D:2)
  2 quokkas
  2 ball pythons (D:1)
  2 frilled lizards
  8 kobolds
  3 rats
50 creatures vanquished.

Notes
Turn   | Place    | Note
-------+----------+-------------------------------------------
     0 | D:1      | Umoon the Vampire Gladiator began the quest for the Orb.
     0 | D:1      | Reached XP level 1. HP: 16/16 MP: 1/1
    37 | D:1      | Reached skill level 1 in Stealth
   140 | D:1      | Reached XP level 2. HP: 22/22 MP: 2/2
   609 | D:1      | Gained mutation: You are afflicted with vampirism and can
                  | become a bat while bloodless. [Vampire growth]
   609 | D:1      | Reached XP level 3. HP: 21/21 MP: 3/3
  1374 | D:2      | Noticed Jessica
  1381 | D:2      | Killed Jessica
  1382 | D:2      | Reached skill level 1 in Armour
  1382 | D:2      | Reached XP level 4. HP: 26/26 MP: 4/4
  1942 | D:3      | Slain by a gnoll

Illustrated notes

Levels and vault maps discovered:
D:1:      lightli_arrival_noodles, layout_loops_ring
D:2:      layout_basic, minmay_misc_feat_x, hangedman_decor_peaks_small,
          nrook_mini_backslash, uniq_jessica
D:3:      layout_basic, gup_sewer_entry_bowl, kennysheep_generic_room_7

Skill      XL: |  1  2  3 |
---------------+----------+-----
Stealth        | 1 2 3 |  3.9
Fighting       | 2 |  2.3
Armour         | 1 |  1.2
Short Blades   | |  3.8
Throwing       | |  1.5
Dodging        | |  3.9

Action                   |  1- 3 |  4- 6 || total
-------------------------+-------+-------++-------
Melee: Rapier            |    97 |    29 ||   126
       Bite              |     7 |     1 ||     8
 Abil: Exsanguinate      |     1 |       ||     1
 Stab: Sleeping          |     6 |     3 ||     9
Armor: Leather armour    |    24 |     5 ||    29
Dodge: Dodged            |    61 |    15 ||    76

Table legend: (Time is in decaauts)
 A = Elapsed time spent in this place.
 B = Non-inter-level travel time spent in this place.
 C = Inter-level travel time spent in this place.
 D = Time resting spent in this place.
 E = Time spent auto-exploring this place.
 F = Levels seen in this place.
 G = Mean time per level.
                   A        B        C        D        E       F      G
               +--------+--------+--------+--------+--------+-----+--------+
         Total |   1944 |   1867 |     77 |    211 |   1274 |   3 |  648.0 |
       Dungeon |   1944 |   1867 |     77 |    211 |   1274 |   3 |  648.0 |
               +--------+--------+--------+--------+--------+-----+--------+

Top non-repeatable levels by time:
     D:2: 1191 daAuts
     D:1: 715 daAuts
     D:3: 36 daAuts
